 Dungeon Crawl Stone Soup version 0.32-a0-18-g89e19f1974 (webtiles) character file.

Game seed: 13474801512958511805

117624 croobank the Dealer of Despair (level 16, -3/85 HPs)
             Began as a Felid Summoner on Jan 16, 2024.
             Was an Elder of Kikubaaqudgha.
             Slain by a merfolk impaler
             ... wielding a +0 trident
             ... led by Ilsuiw
              (11 damage)
             ... on level 2 of the Shoals.
             The game lasted 03:37:28 (35532 turns).

croobank the Dealer of Despair (Felid Summoner)    Turns: 35532, Time: 03:37:28

Health: -3/85      AC:  3    Str:  6    XL:     16   Next: 23%
Magic:  8/34       EV: 23    Int: 31    God:    Kikubaaqudgha [****..]
Gold:   573        SH:  5    Dex: 17    Spells: 6/41 levels left
                                        Lives:  0   Deaths: 5

rFire   . . .        (weapon unavailable)
rCold   + . .        (shield unavailable)
rNeg    . . .        (body armour unavailable)
rPois   .            (helmet unavailable)
rElec   .            (cloak unavailable)
rCorr   .            (gloves unavailable)
SInv    +            (boots unavailable)
Will    +++..        E - amulet of reflection
Stlth   ++++         f - +6 ring of intelligence
HPRegen 0.34/turn    p - ring of willpower
MPRegen 0.24/turn

%: reflection
@: death channelling, animating dead (expiring)
A: very small, claws 1, fangs 3, see invisible, shaggy fur 3, stealthy paws, no
weapons or thrown items, no armour, multi-lived
a: Renounce Religion, Unearth Wretches


You were on level 2 of the Shoals.
You worshipped Kikubaaqudgha.
Kikubaaqudgha was greatly pleased with you.
You visited 6 branches of the dungeon, and saw 25 of its levels.
You visited 1 bazaar.
You also visited: Bailey.

You collected 2437 gold pieces.
You spent 1864 gold pieces at shops.

Inventory:

Armour
 F - a +0 robe
Jewellery
 f - a +6 ring of intelligence (left paw)
 k - a ring of resist corrosion
 l - a +5 ring of evasion
 m - a +6 ring of strength
 o - a ring of positive energy
 p - a ring of willpower (right paw)
 t - a ring of positive energy
 B - a +6 ring of intelligence
 C - a ring of flight
 E - an amulet of reflection (around neck)
Wands
 v - a wand of paralysis (7)
 J - a wand of flame (7)
Scrolls
 b - 3 scrolls of amnesia
 d - 5 scrolls of identify
 g - a scroll of torment
 j - a scroll of revelation
 n - 6 scrolls of immolation
 r - 2 scrolls of vulnerability
 w - 2 scrolls of noise
 I - a scroll of silence
Potions
 e - 4 potions of brilliance
 h - 2 potions of curing
 i - 3 potions of attraction
 q - 3 potions of might
 s - a potion of berserk rage
 u - 7 potions of enlightenment
 x - a potion of haste
 z - 2 potions of mutation
 A - a potion of lignification
Miscellaneous
 y - a condenser vane (inert)
 D - a phial of floods (inert)
 G - a sack of spiders (inert)


   Skills:
 - Level 10.0 Fighting
 - Level 10.0 Dodging
 - Level 7.1 Stealth
 + Level 13.2 Spellcasting
 + Level 13.4 Summonings
 * Level 16.4 Necromancy
 - Level 4.1 Translocations
 - Level 5.0 Fire Magic
 - Level 7.0 Air Magic


You had 6 spell levels left.
You knew the following spells:

 Your Spells              Type           Power      Damage    Failure   Level
a - Apportation           Tloc           92%        N/A       1%          1
c - Call Canine Familiar  Summ           81%        N/A       1%          3
d - Summon Blazeheart Go  Fire/Summ      67%        N/A       1%          4
e - Summon Lightning Spi  Summ/Air       71%        N/A       1%          4
A - Animate Dead          Necr           89%        N/A       1%          4
B - Blink                 Tloc           92%        N/A       1%          2
D - Death Channel         Necr           44%        N/A       1%          6
H - Haunt                 Necr/Summ      42%        N/A       4%          7
M - Martyr's Knell        Necr/Summ      85%        N/A       1%          4

Your spell library contained the following spells:

 Spells                   Type           Power      Damage    Failure   Level
 Summon Small Mammal      Summ           100%       N/A       0%          1
 Call Imp                 Summ           100%       N/A       0%          2
 Sublimation of Blood     Necr           89%        N/A       0%          2
 Vampiric Draining        Necr           89%        2d12      0%          3
 Kiss of Death            Conj/Necr      100%       2d13      1%          1
 Scorch                   Fire           100%       2d9       1%          2
 Gell's Gravitas          Tloc           46%        N/A       1%          3
 Swiftness                Air            59%        N/A       1%          3
 Teleport Other           Tloc           46%        N/A       1%          3
 Dispel Undead            Necr           89%        3d28      1%          4
 Curse of Agony           Necr           89%        N/A       1%          5
 Summon Cactus Giant      Summ           40%        N/A       1%          6
 Freeze                   Ice            80%        1d9       2%          1
 Magic Dart               Conj           80%        1d7       2%          1
 Sandblast                Erth           40%        2d10      2%          1
 Inner Flame              Hex/Fire       36%        N/A       2%          3
 Borgnjor's Vile Clutch   Necr/Erth      32%        N/A       2%          5
 Ensorcelled Hibernation  Hex/Ice        40%        N/A       3%          2
 Jinxbite                 Hex            40%        N/A       3%          2
 Searing Ray              Conj           40%        2d5       3%          2
 Summon Mana Viper        Hex/Summ       58%        N/A       4%          5
 Frozen Ramparts          Ice            40%        1d7       7%          3
 Hailstorm                Conj/Ice       20%        3d7       7%          3
 Ozocubu's Armour         Ice            20%        N/A       7%          3
 Passwall                 Erth           20%        N/A       7%          3
 Tukima's Dance           Hex            20%        N/A       7%          3
 Flame Wave               Conj/Fire      36%        2d10      9%          4
 Sticky Flame             Fire/Alch      36%        2d8       9%          4
 Fulminant Prism          Conj/Alch      10%        3d8       24%         4
 Alistair's Intoxication  Alch           13%        N/A       54%         5
 Iskenderun's Battlesphe  Conj           20%        2d7       54%         5
 Metabolic Englaciation   Hex/Ice        10%        N/A       54%         5
 Yara's Violent Unravell  Hex/Alch       10%        3d6       54%         5
 Dispersal                Tloc           23%        N/A       54%         6
 Bombard                  Conj/Erth      10%        9d2       98%         6
 Eringya's Noxious Bog    Alch           10%        4d6       98%         6
 Sculpt Simulacrum        Ice/Alch       10%        N/A       98%         6
 Borgnjor's Revivificati  Necr           44%        N/A       19%         8
 Infestation              Necr           44%        N/A       19%         8
 Spellforged Servitor     Conj/Summ      29%        N/A       77%         7
 Death's Door             Necr           44%        N/A       96%         9
 Enfeeble                 Hex            10%        N/A       100%        7


Dungeon Overview and Level Annotations

Branches:
Dungeon (12/15)            Temple (1/1) D:5            Lair (5/5) D:9
 Shoals (3/4) Lair:2       Spider (2/4) Lair:2        Slime (0/5) Lair:5
    Orc (2/2) D:10            Elf (0/3) Orc:2        Bailey (visited)

Altars:
Ashenzari
Cheibriados
Dithmenos
Elyvilon
Fedhas
Gozag
Hepliaklqana
Kikubaaqudgha
Makhleb
Nemelex Xobeh
Okawaru
Qazlal
Ru
Sif Muna
Trog
Uskayaw
Vehumet
Wu Jian
Xom
Yredelemnul
Zin
The Shining One
Jiyva
Lugonu

Shops:
D:5 ?   D:10 [   D:12 [   Orc:2 =([!

Portals:
Abyss: Lair:5

Annotations:
D:6 need digging wand, exclusion: downstairs
D:11 exclusion: upstairs
D:12 Erolcha
Shoals:2 1 runed translucent door, Ilsuiw; jestert79's ghost, adept HOMo
Shoals:3 Donald
Spider:1 exclusion: downstairs
Spider:2 Azrael


Innate Abilities, Weirdness & Mutations

You have sharp claws.
You have razor-sharp teeth.
You have supernaturally acute eyesight. (SInv)
Your thick and shaggy fur keeps you warm. (AC +3, rC+)
Your paws help you pounce on unaware monsters.
You are incapable of wielding weapons or throwing items.
You cannot wear armour.
You gain extra lives every three experience levels.


Message History

Press: ? - help, Dir - move target, f - merfolk impaler
Aim: a merfolk impaler, wielding a +0 trident and wearing a +0 robe (inner flame) Insubstantial figures form in the air.
The water elemental barely misses your wraith.
Casting: Haunt (dangerous; 4% risk of failure)
Confirm with . or Enter, or press ? or * to list all spells.
A fiery spirit appears, bound in slag iron.
Your reaping aura is weakening.
The merfolk impaler hits you from afar with a +0 trident!
The water elemental hits your wraith!
The merfolk impaler hits you from afar with a +0 trident!!
Ilsuiw misses your wraith.
The merfolk javelineer throws a silver javelin.
The silver javelin pierces through your wraith.
The silver javelin pierces through you!!
* * * LOW HITPOINT WARNING * * *
x2 The silver javelin pierces through the plant!!
The plant begins to die.
The silver javelin pierces through the plant!
The plant begins to die.
Okay, then.
Okay, then.
Casting: Summon Blazeheart Golem (mildly dangerous; 1% risk of failure)
Confirm with . or Enter, or press ? or * to list all spells.
Aiming: Haunt (dangerous; 4% risk of failure)
Press: ? - help, Dir - move target, f/p - merfolk impaler
Aim: a merfolk impaler, wielding a +0 trident and wearing a +0 robe (inner flame, ally target)
Okay, then.
The water elemental hits the plant!!
The plant begins to die.
The water elemental engulfs the plant in water!
Your wraith hits the merfolk impaler!
Flame seeps out of the merfolk impaler.
Clouds condense from the air!
The condenser dries out!
Your blazeheart golem's core grows cold and it stops moving.
The plant is engulfed in a cloud of scalding steam.
The plant begins to die.
The merfolk impaler is engulfed in blazing flames.
Flame seeps out of the merfolk impaler.
The merfolk impaler hits you from afar with a +0 trident!
You die...
Kikubaaqudgha rasps: "You have failed me!
Welcome... death!"

~~~~....# #.....#....P~
~~~.......##.....§§~.(~
..~~.....###..~.P~~EE~~
..~~~~~...P..~~~~Em§P~~~
.....~~~..~~~~~~WPmP#P~~
.....~~..~~≈≈~~§PW§P#.~~
.##.. ..~~≈~~~§m§~...~~
.#... ..~P~~~9.§§P~~~~.
...P. .~~~~P~P.@.~~≈P~.
.P.P~ ≈≈≈≈~PP##~~~~~P~
..PPP≈≈≈~~≈≈≈~###~~~P~~~..#
..P..~~.P~≈≈≈~P..~~~~~~~..##
.......~≈~~≈≈~~~~~~~~~~~~~~.
....~≈≈≈≈~≈≈~~~P~~~~P~≈≈~~.~
.≈≈≈≈≈≈)~~~≈~~~~~~≈~~~≈≈~...
.≈≈≈≈~......~~~~~≈≈~~~≈~~..~
..........##..~~~~~~~~≈~~~~≈


You could see Ilsuiw (inner flame), a merfolk impaler (inner flame, ally
target), a merfolk javelineer (inner flame), 3 water elementals, a friendly
blazeheart golem (summoned, paralysed) and 2 friendly wraiths.

Vanquished Creatures
  A ghost moth (Spider:1)
  A broodmother (Spider:2)
  A spark wasp (Spider:2)
  2 entropy weavers
  3 hydras
  A jorogumo (Spider:1)
  A boulder beetle (Lair:1)
  3 two-headed ogres
  2 radroaches (Spider:1)
  A death yak (Lair:4)
  An orc high priest (Orc:2)
  2 skysharks
  4 sea snakes (Shoals:3)
  A steelbarb worm (Spider:1)
  4 wolf spiders
  An orc sorcerer (Orc:2)
  A faun (Shoals:3)
  4 elephants (Lair:2)
  A merfolk siren (Lair:2)
  A water nymph (Shoals:3)
  A kobold blastminer (Orc:2)
  A torpor snail (Spider:1)
  A black mamba (shapeshifter) (Lair:5)
  2 black mambas
  2 cane toads
  2 gargoyles
  4 komodo dragons
  2 rime drakes
  A hydra zombie (Lair:3)
  A merfolk (Shoals:3)
  2 trolls (D:11)
  A nameless horror (D:4)
  2 polar bears
  2 raiju (Lair:5)
  A blink frog (Lair:5)
  A tarantella (Spider:1)
  4 jumping spiders (Spider:1)
  A black mamba zombie (Lair:2)
  A culicivora (Spider:1)
  3 basilisks
  14 yaks
  3 vampire mosquitoes (D:12)
  A warg (Orc:2)
  2 redbacks (Spider:1)
  A merfolk zombie (Lair:2)
  An acid dragon (D:8)
  7 orc warriors
  An ice beast (D:7)
  5 black bears
  A small abomination (Lair:5)
  An elephant zombie (Lair:2)
  An ogre (Orc:2)
  3 centaurs
  9 wolves
  A rime drake zombie (Lair:2)
  3 bullfrogs
  2 gnoll sergeants (Bailey)
  A scorpion (D:5)
  6 wights (D:10)
  A yak zombie (Lair:2)
  A killer bee (D:7)
  2 howler monkeys
  5 electric eels
  2 wolf zombies (Lair:2)
  2 orc priests (Orc:2)
  A sleepcap (D:7)
  A gnoll bouda (Bailey)
  2 hounds (D:5)
  5 orc wizards
  Natasha (D:2)
  3 gnolls
  13 orcs
  2 endoplasms
  A giant cockroach (D:2)
  3 goblins
  A hobgoblin (D:1)
  A kobold (D:2)
  A quokka (D:4)
  A ball python (D:4)
  A bat (D:3)
  5 orc zombies (Orc:2)
  2 rats
191 creatures vanquished.

Vanquished Creatures (collateral kills)
  Nikola (Shoals:3)
  Polyphemus (Shoals:3)
  A kraken (Shoals:1)
  Gastronok (D:10)
  Agnes (Spider:2)
  An azure jelly (Lair:5)
  An orc warlord (Orc:2)
  A spark wasp (Spider:1)
  2 merfolk impalers
  Harold (Orc:1)
  5 hydras
  2 catoblepae
  A radroach (Spider:1)
  A centaur warrior (Shoals:1)
  6 merfolk avatars
  A two-headed ogre (D:10)
  3 boulder beetles
  2 merfolk aquamancers
  9 death yaks
  4 thrashing horrors (Lair:5)
  6 skysharks
  2 sea snakes
  An orb spider (Spider:2)
  An orange crystal statue (Lair:5)
  A lindwurm (Lair:5)
  A steelbarb worm (Spider:2)
  An ugly thing zombie (Lair:5)
  11 harpies
  3 orc sorcerers (Orc:2)
  4 wolf spiders
  4 cyclopes
  An ugly thing (Lair:5)
  A faun (Shoals:1)
  9 manticores
  A black mamba (shapeshifter) (Lair:5)
  7 kobold blastminers
  A guardian serpent (Lair:1)
  5 black mambas
  5 merfolk sirens
  2 smoke demons (Lair:5)
  A water nymph (Shoals:2)
  10 elephants
  A torpor snail (Spider:1)
  13 cane toads
  2 death yak zombies (Lair:5)
  An unseen horror (D:10)
  4 komodo dragons
  5 rime drakes
  11 merfolk
  A troll (D:11)
  2 wind drakes
  Grinder (D:3)
  2 tarantellas (Spider:1)
  7 blink frogs (Lair:5)
  4 snapping turtles (Shoals:1)
  21 dream sheep
  A boulder beetle zombie (Lair:5)
  2 culicivoras (Spider:1)
  A shadow (D:11)
  8 jumping spiders
  3 wyverns
  A ynoxinul (Lair:5)
  A spriggan (Lair:5)
  A vampire (D:11)
  7 water elementals
  2 wraiths
  23 yaks
  Grum (Lair:1)
  2 fire elementals (Spider:2)
  3 wargs (Orc:1)
  5 redbacks
  6 basilisks
  3 steam dragons
  A chaos spawn (Lair:5)
  10 small abominations (Lair:5)
  7 water moccasins
  2 hell hounds (Spider:2)
  19 orc warriors
  A black bear (Lair:2)
  8 ogres
  17 wolves
  3 phantoms
  3 nameless horrors
  12 bullfrogs
  2 scorpions
  8 gnoll sergeants
  2 wights (D:10)
  3 killer bees
  3 vampire bats (D:7)
  2 electric eels
  4 howler monkeys
  A crimson imp (D:5)
  4 lava snakes (Lair:5)
  3 bombardier beetles
  A basilisk zombie (Lair:5)
  3 hounds
  12 orc priests
  7 gnoll boudas
  A sleepcap (D:7)
  3 iguanas
  23 orc wizards
  Natasha (twice) (D:2)
  6 hell rats (Lair:5)
  19 gnolls
  12 adders
  A shadow imp (D:5)
  A white imp (D:5)
  4 ufetubi
  A ribbon worm (D:3)
  2 dart slugs
  69 orcs
  6 bats
  2 bat skeletons (D:7)
  3 bat zombies (D:7)
  5 endoplasms
  A giant cockroach (D:3)
  4 hobgoblins
  5 quokkas
  3 ball pythons
  3 frilled lizards
  9 goblins
  8 kobolds
  4 orc zombies (Orc:2)
  2 rats
605 creatures vanquished.

Vanquished Creatures (others)
  A broodmother (Spider:2)
  5 merfolk impalers
  A boulder beetle (Lair:5)
  A skyshark (Lair:5)
  An orb spider (Spider:2)
  2 harpies
  A steelbarb worm (Spider:1)
  4 wolf spider zombies
  A jorogumo zombie (Spider:1)
  A faun (Shoals:1)
  3 wolf spiders (Spider:1)
  2 manticores
  A merfolk siren (Shoals:3)
  A torpor snail (Spider:2)
  A steelbarb worm zombie (Spider:1)
  A sea snake zombie (Shoals:3)
  An orb spider zombie (Spider:2)
  A komodo dragon (Lair:5)
  2 redback zombies (Spider:1)
  2 hydra zombies
  6 harpy zombies
  5 merfolk (Shoals:3)
  A wind drake (Shoals:3)
  3 culicivora zombies (Spider:1)
  3 tarantellas
  3 tarantella zombies
  A snapping turtle (Shoals:3)
  6 jumping spider zombies (Spider:1)
  2 jumping spiders (Spider:1)
  2 culicivoras
  2 black mamba zombies
  3 redbacks
  6 skyshark zombies
  2 faun zombies
  3 cane toad zombies
  An entropy weaver zombie (Spider:1)
  A water moccasin (Lair:2)
  10 merfolk zombies
  2 elephant zombies
  A blink frog zombie (Lair:5)
  A lindwurm zombie (Lair:5)
  2 snapping turtle zombies
  2 dream sheep zombies (Shoals:3)
  3 manticore zombies
  2 torpor snail zombies
  2 komodo dragon zombies
  A rime drake zombie (Lair:3)
  A kobold zombie (Orc:2)
  A cyclops zombie (Shoals:3)
  2 warg zombies (Orc:1)
  2 hell hound zombies (Spider:2)
  3 water moccasin zombies
  24 yak zombies
  A raiju zombie (Lair:5)
  3 wolf zombies
  3 basilisk zombies
  3 bullfrog zombies
  An orc wizard (Orc:2)
  3 ogre zombies
  A steam dragon zombie (D:10)
  An orc (Orc:1)
  29 orc zombies
  80 blazeheart cores
  4 tentacles (Shoals:1)
271 creatures vanquished.

Grand Total: 1067 creatures vanquished

Notes
Turn   | Place    | Note
-------+----------+-------------------------------------------
     0 | D:1      | croobank the Felid Summoner began the quest for the Orb.
     0 | D:1      | Reached XP level 1. HP: 9/9 MP: 4/4
   282 | D:1      | Frozen to death by an endoplasm
   282 | D:1      | Lost a life (0 lives remaining)
   348 | D:1      | Reached XP level 2. HP: 13/13 MP: 3/6
   360 | D:1      | Learned a level 2 spell: Call Imp
  1022 | D:2      | Reached XP level 3. HP: 16/16 MP: 3/7
  1040 | D:2      | Learned a level 3 spell: Call Canine Familiar
  1073 | D:2      | Noticed Natasha
  1079 | D:2      | Killed Natasha
  1236 | D:2      | Reached XP level 4. HP: 21/21 MP: 2/8
  1236 | D:2      | Gained a life (1 life remaining)
  1327 | D:2      | Noticed Natasha
  1334 | D:2      | Killed Natasha
  1938 | D:2      | Noticed Natasha
  1946 | D:2      | Killed Natasha
  1947 | D:2      | Reached XP level 5. HP: 25/25 MP: 4/10
  2153 | D:3      | Noticed a phantom
  2165 | D:2      | Killed a phantom
  2166 | D:2      | Reached skill level 1 in Fighting
  2272 | D:3      | Noticed Grinder
  2553 | D:3      | Found a shadowy altar of Dithmenos.
  2606 | D:3      | Gained mutation: You are covered in thick fur. (AC +2)
                  | [Felid growth]
  2606 | D:3      | Reached XP level 6. HP: 30/30 MP: 9/11
  2611 | D:3      | Learned a level 4 spell: Summon Blazeheart Golem
  2734 | D:3      | Reached skill level 5 in Stealth
  3180 | D:3      | Killed Grinder
  3181 | D:3      | Reached skill level 5 in Summonings
  3181 | D:3      | Reached skill level 1 in Fire Magic
  3181 | D:3      | Reached XP level 7. HP: 24/35 MP: 6/13
  3181 | D:3      | Gained a life (2 lives remaining)
  3261 | D:3      | Reached skill level 5 in Dodging
  3303 | D:3      | You fall into a shaft and drop 3 floors!
  3328 | D:5      | Entered Level 5 of the Dungeon
  3369 | D:5      | Found a staircase to the Ecumenical Temple.
  3417 | D:5      | Found Jeoriep's Magic Scroll Shoppe.
  3432 | D:5      | Learned a level 2 spell: Blink
  3447 | Temple   | Entered the Ecumenical Temple
  3628 | D:4      | Noticed a nameless horror
  3641 | D:5      | Killed a nameless horror
  3778 | D:4      | Found a basalt altar of Yredelemnul.
  4612 | D:4      | Identified the +12 dagger "Ysyahuonk" {distort, +Blink
                  | rPois rC+ Str-5}
  5085 | D:4      | Noticed a nameless horror
  5427 | D:4      | Killed a nameless horror
  6466 | D:5      | Reached XP level 8. HP: 41/42 MP: 9/14
  6641 | D:5      | Noticed a two-headed ogre
  6648 | D:5      | Killed a two-headed ogre
  6649 | D:5      | Reached skill level 5 in Fighting
  6833 | D:5      | Reached XP level 9. HP: 47/47 MP: 11/16
  6838 | D:5      | Learned a level 4 spell: Summon Lightning Spire
  7629 | D:6      | Found a glowing silver altar of Zin.
  8142 | D:6      | Reached skill level 1 in Translocations
  9214 | D:7      | Reached skill level 1 in Air Magic
  9276 | D:7      | Reached skill level 5 in Fire Magic
  9687 | D:7      | Reached skill level 5 in Spellcasting
 10000 | D:7      | Found an ancient bone altar of Kikubaaqudgha.
 10017 | D:7      | Became a worshipper of Kikubaaqudgha
 10549 | D:8      | Reached XP level 10. HP: 53/53 MP: 13/19
 11238 | D:9      | Found a flagged portal.
 11266 | Bailey   | Entered a bailey
 11473 | Bailey   | Reached * piety under Kikubaaqudgha
 11473 | Bailey   | Received a gift from Kikubaaqudgha
 11831 | Bailey   | Reached skill level 1 in Necromancy
 13159 | D:9      | Reached skill level 2 in Necromancy
 13477 | D:9      | Found a staircase to the Lair.
 13768 | D:9      | Found a burning altar of Makhleb.
 13885 | D:9      | Found a bloodstained altar of Trog.
 14050 | D:10     | Entered Level 10 of the Dungeon
 14095 | D:10     | Learned a level 4 spell: Animate Dead
 14108 | D:10     | Reached skill level 5 in Air Magic
 14113 | D:10     | Reached ** piety under Kikubaaqudgha
 14289 | D:10     | Reached skill level 3 in Necromancy
 14289 | D:10     | Reached XP level 11. HP: 40/58 MP: 5/21
 14409 | D:10     | Found a staircase to the Orcish Mines.
 14464 | D:10     | Noticed Gastronok
 14491 | D:10     | Killed Gastronok
 14757 | D:10     | Found Wuebbi's Antique Armour Shoppe.
 14777 | D:10     | Noticed a two-headed ogre
 15607 | D:11     | Learned a level 6 spell: Death Channel
 15838 | D:11     | Identified the +7 chain mail of Noho {Int+5 Dex+5}
 15872 | D:11     | Noticed a two-headed ogre
 15882 | D:11     | Killed a two-headed ogre
 15883 | D:11     | Reached skill level 4 in Necromancy
 16177 | D:10     | Found a blossoming altar of Fedhas.
 16270 | D:10     | Killed a two-headed ogre
 16324 | D:10     | Reached skill level 10 in Dodging
 16325 | D:10     | Noticed a two-headed ogre
 16335 | D:10     | Killed a two-headed ogre
 17038 | D:12     | Reached skill level 5 in Necromancy
 17389 | D:12     | Found Wunnun's Antique Armour Emporium.
 17652 | D:5      | Bought a scroll of identify for 24 gold pieces
 17652 | D:5      | Bought a scroll of identify for 24 gold pieces
 17652 | D:5      | Bought 2 scrolls of noise for 24 gold pieces
 17652 | D:5      | Bought a scroll of immolation for 48 gold pieces
 17652 | D:5      | Bought a scroll of immolation for 48 gold pieces
 17848 | D:12     | Noticed Erolcha
 17927 | Lair:1   | Entered Level 1 of the Lair of Beasts
 18042 | Lair:1   | Gained mutation: Your thick and shaggy fur keeps you warm.
                  | (AC +3, rC+) [Felid growth]
 18042 | Lair:1   | Reached XP level 12. HP: 35/65 MP: 6/23
 18301 | Lair:1   | Reached *** piety under Kikubaaqudgha
 18301 | Lair:1   | Received a gift from Kikubaaqudgha
 18302 | Lair:1   | Reached skill level 6 in Necromancy
 18992 | Lair:1   | Noticed a catoblepas
 19003 | Lair:1   | Killed a catoblepas
 19069 | Lair:1   | Noticed a boulder beetle
 19073 | Lair:1   | Noticed a five-headed hydra
 19073 | Lair:1   | Noticed a boulder beetle
 19080 | Lair:1   | Killed a boulder beetle
 19080 | Lair:1   | Killed a five-headed hydra
 19081 | Lair:1   | Reached skill level 7 in Necromancy
 19102 | Lair:1   | Killed a boulder beetle
 19448 | Lair:1   | Found the +3 pair of seven-league boots {Rampage+∞}
 19632 | Lair:1   | Upgraded the game from 0.32-a0-17-gb74e046682 to
                  | 0.32-a0-18-g89e19f1974
 19795 | Lair:2   | Noticed a boulder beetle
 19803 | Lair:2   | Killed a boulder beetle
 19804 | Lair:2   | Reached skill level 8 in Necromancy
 19805 | Lair:2   | Noticed a four-headed hydra
 19814 | Lair:2   | Killed a four-headed hydra
 20136 | Lair:2   | Reached XP level 13. HP: 70/70 MP: 22/26
 20194 | Lair:2   | Reached skill level 9 in Necromancy
 20239 | Lair:2   | Found a staircase to the Shoals.
 20287 | Lair:2   | Reached **** piety under Kikubaaqudgha
 20464 | Lair:2   | Reached skill level 10 in Summonings
 20472 | Lair:2   | Found a hole to the Spider Nest.
 21488 | Lair:3   | Reached skill level 10 in Fighting
 21575 | Lair:3   | Reached skill level 10 in Necromancy
 22817 | Lair:3   | Reached skill level 11 in Necromancy
 25062 | Lair:4   | Reached ***** piety under Kikubaaqudgha
 25306 | Lair:4   | Learned a level 4 spell: Martyr's Knell
 25309 | Lair:5   | Entered Level 5 of the Lair of Beasts
 25369 | Lair:5   | Reached XP level 14. HP: 63/77 MP: 1/28
 25371 | Lair:5   | Reached skill level 10 in Spellcasting
 25371 | Lair:5   | Reached skill level 12 in Necromancy
 25600 | Lair:5   | Found a runed translucent door.
 25601 | Lair:5   | Found a viscous altar of Jiyva.
 25602 | Lair:5   | Noticed an azure jelly
 25603 | Lair:5   | Found a staircase to the Slime Pits.
 25617 | Lair:5   | Killed an azure jelly
 27114 | Lair:5   | Learned a level 7 spell: Haunt
 28784 | Lair:5   | Found a corrupted altar of Lugonu.
 28784 | Lair:5   | Found a one-way gate to the infinite horrors of the Abyss.
 29203 | Lair:1   | Noticed Grum
 29209 | Lair:1   | Killed Grum
 29325 | Orc:1    | Entered Level 1 of the Orcish Mines
 29457 | Orc:1    | Noticed Harold
 29468 | Orc:1    | Killed Harold
 30016 | Orc:2    | Entered Level 2 of the Orcish Mines
 30016 | Orc:2    | Found a staircase to the Elven Halls.
 30023 | Orc:2    | Found a flickering gateway to a bazaar.
 30078 | Orc:2    | Reached skill level 13 in Necromancy
 30083 | Bazaar   | Entered a bazaar
 30111 | Bazaar   | Found Bivalus's Book Emporium.
 30111 | Bazaar   | Found Uffilosa's General Store.
 30131 | Bazaar   | Found Raaxt's Book Shoppe.
 30147 | Bazaar   | Found Mygoug's Magic Scroll Shoppe.
 30185 | Bazaar   | Bought a scroll of vulnerability for 52 gold pieces
 30185 | Bazaar   | Bought a scroll of blinking for 97 gold pieces
 30185 | Bazaar   | Bought a scroll of blinking for 97 gold pieces
 30185 | Bazaar   | Bought a scroll of teleportation for 39 gold pieces
 30185 | Bazaar   | Bought a scroll of vulnerability for 52 gold pieces
 30185 | Bazaar   | Bought a scroll of immolation for 52 gold pieces
 30199 | Bazaar   | Bought Cuschug's Compilation of Glamour and the Quake for
                  | 312 gold pieces
 30215 | Bazaar   | Bought a scroll of amnesia for 32 gold pieces
 30215 | Bazaar   | Bought a potion of brilliance for 32 gold pieces
 30215 | Bazaar   | Bought a +0 robe for 5 gold pieces
 30215 | Bazaar   | Bought a sack of spiders for 320 gold pieces
 30221 | Bazaar   | Bought a book of Misfortune for 476 gold pieces
 30446 | Orc:2    | Found Taasuxul's Jewellery Shop.
 30654 | Orc:2    | Noticed an orc warlord
 30678 | Orc:2    | Reached ****** piety under Kikubaaqudgha
 30678 | Orc:2    | Killed by an exploding warg... ignited by their inner flame
 30678 | Orc:2    | Lost a life (1 life remaining)
 30701 | Orc:2    | Killed an orc warlord
 30753 | Orc:2    | Found Ekoyppe's Antique Armour Shoppe.
 30757 | Orc:2    | Found Hemat's Antique Weapon Emporium.
 30906 | Orc:2    | Received a gift from Kikubaaqudgha (forbidden knowledge)
 30919 | Orc:2    | Reached XP level 15. HP: 40/80 MP: 20/32
 30919 | Orc:2    | Gained a life (2 lives remaining)
 30958 | Orc:2    | HP: 4/80 [spore (32)]
 30976 | Orc:2    | Found Duapujax's Distillery.
 31396 | Orc:2    | Bought a potion of resistance for 130 gold pieces
 31994 | Orc:2    | Reached skill level 14 in Necromancy
 32330 | Spider:1 | Entered Level 1 of the Spider Nest
 32388 | Spider:1 | HP: 4/80 [jumping spider (7)]
 32392 | Spider:1 | Mangled by a culicivora
 32392 | Spider:1 | Lost a life (1 life remaining)
 32510 | Spider:1 | You fall into a shaft and drop 1 floor!
 32510 | Spider:2 | Noticed Agnes
 32653 | Spider:2 | Killed Agnes
 32685 | Spider:2 | Noticed Azrael
 32778 | Spider:1 | Annihilated by a spark wasp
 32778 | Spider:1 | Lost a life (0 lives remaining)
 32993 | Shoals:1 | Entered Level 1 of the Shoals
 33187 | Shoals:1 | Reached skill level 15 in Necromancy
 33703 | Shoals:1 | Noticed a kraken
 33727 | Shoals:1 | Learned a level 1 spell: Apportation
 34714 | Shoals:1 | Killed a kraken
 34896 | Shoals:2 | Found a runed translucent door.
 34952 | Shoals:2 | Noticed jestert79's ghost (adept HOMo)
 35100 | Shoals:2 | Noticed Ilsuiw
 35116 | Shoals:3 | HP: 1/80 [manticore (6)]
 35184 | Shoals:3 | Reached XP level 16. HP: 77/85 MP: 10/34
 35184 | Shoals:3 | Gained a life (1 life remaining)
 35219 | Shoals:3 | Noticed Polyphemus
 35225 | Shoals:3 | Reached skill level 16 in Necromancy
 35232 | Shoals:3 | Killed Polyphemus
 35461 | Shoals:3 | Noticed Nikola
 35477 | Shoals:3 | Killed Nikola
 35488 | Shoals:3 | Noticed Donald
 35500 | Shoals:3 | HP: 4/85 [harpy (15)]
 35501 | Shoals:3 | Mangled by a manticore
 35501 | Shoals:3 | Lost a life (0 lives remaining)
 35532 | Shoals:2 | Slain by a merfolk impaler

Illustrated notes

Levels and vault maps discovered:
D:1:      dpeg_arrival_water_fire, layout_basic, minmay_hexomino_c4
D:2:      layout_basic, uniq_natasha
D:3:      layout_basic, grunt_dithmenos_smoke, uniq_grinder
D:4:      layout_basic, mainiacjoe_overflow_chevrons, serial_forest,
          infiniplex_forest_clump_medium, infiniplex_forest_end_2,
          infiniplex_forest_pool, infiniplex_forest_lined_1,
          infiniplex_forest_lined_room_, infiniplex_forest_lined_3_way,
          infiniplex_forest_end_3, infiniplex_forest_straight_4,
          infiniplex_forest_clump_curved, infiniplex_forest_clump_cross,
          minivault_23
D:5:      minmay_opposing_rooms, layout_basic, minmay_temple_entry_offerings,
          serial_shops, nicolae_shop_competitors_out_of_business,
          grunt_ministairs_4, minmay_fire_ice_demons
D:6:      layout_basic, zin_treasury, moated_statue, amcnicky_mini_pool_small,
          fountainhead, grunt_decor_clamped
D:7:      layout_cave_pools, kennysheep_vampire_church
D:8:      layout_loops_ring
D:9:      layout_cave_pods, trog_ov_bears_minmay, lemuel_round_altar,
          david_lair_shrubbed, enter_bailey_5
D:10:     layout_cave_pods, fedhas_altar_1, david_orc_1_choice, serial_shops,
          nicolae_shop_dealshenge, uniq_gastronok
D:11:     layout_long_grid
D:12:     layout_roguey, serial_shops, nicolae_shop_window_shopping,
          uniq_erolcha
Temple:   regret_index_temple_waves
Lair:1:   layout_layer_cave, hellmonk_guarded_unrand_seven_league_boots,
          grunt_megastairs_1, uniq_grum
Lair:2:   layout_cave_pods, elwin_shoals_entry_rooms, spider_nest_entry_a,
          serial_bayou_lake_a, infiniplex_staircase_pool_2
Lair:3:   layout_gridlike, minmay_shattered_shrine
Lair:4:   layout_cave_pods
Lair:5:   hellmonk_lair_end_abyssal_woods, layout_misc_corridors, slime_entry_2,
          disabler_island
Shoals:1: layout_shoals, nicolae_shoals_siren_and_animal_friends
Shoals:2: layout_shoals, ebering_ghost_reflecting_pool, uniq_ilsuiw
Shoals:3: layout_shoals, serial_shops, nicolae_diamond_shop, uniq_donald,
          uniq_polyphemus, uniq_nikola
Spider:1: nicolae_spider_hall_of_the_moth_king
Spider:2: layout_cave_pods, uniq_mlioglotl, uniq_jorgrun, uniq_azrael,
          uniq_agnes
Orc:1:    layout_caves, uniq_harold
Orc:2:    grunt_orc_community_town_hall, layout_diamond_mine,
          grunt_orc_community_big_house_2, grunt_orc_community_big_house_1,
          grunt_orc_community_house_1, grunt_orc_community_house_2,
          grunt_orc_community_house_3, grunt_orc_community_house_2,
          grunt_orc_community_house_2, serial_shops, bzr_entry_gold

Skill      XL: |  1  2  3  4  5  6  7  8  9 10 11 12 13 14 15 16 |
---------------+-------------------------------------------------+-----
Stealth        | 3 4 5 6 7 |  7.1
Dodging        | 3 4 5 6 7 9 10 | 10.0
Fighting       | 2 4 5 6 7 8 9 10 | 10.0
Spellcasting   | 3 4 5 6 7 8 9 12 13 | 13.2
Summonings     | 5 6 7 8 9 10 12 13 | 13.4
Fire Magic     | 1 2 4 5 |  5.0
Translocations | 4 |  4.1
Air Magic      | 3 5 7 |  7.0
Necromancy     | 3 5 8 11 13 15 16 | 16.4

Action                     |  1- 3 |  4- 6 |  7- 9 | 10-12 | 13-15 | 16-18 || total
---------------------------+-------+-------+-------+-------+-------+-------++-------
  Melee: Unarmed           |    16 |    25 |   535 |    84 |   174 |     5 ||   839
         Bite              |     1 |     3 |   124 |    13 |    26 |     2 ||   169
         Punch             |       |       |    17 |     4 |     3 |       ||    24
   Cast: Summon Small Mamm |    23 |    35 |    21 |     7 |       |       ||    86
         Call Imp          |     8 |    18 |    21 |     9 |       |       ||    56
         Call Canine Famil |     2 |     9 |    22 |    19 |    18 |     2 ||    72
         Summon Blazeheart |       |       |    33 |    59 |    73 |     2 ||   167
         Summon Lightning  |       |       |     9 |    60 |   101 |     3 ||   173
         Animate Dead      |       |       |       |    12 |    46 |     1 ||    59
         Death Channel     |       |       |       |       |    61 |     2 ||    63
         Martyr's Knell    |       |       |       |       |    27 |       ||    27
         Haunt             |       |       |       |       |    22 |    14 ||    36
         Blink             |       |       |       |       |     1 |     1 ||     2
         Apportation       |       |       |       |       |    10 |     2 ||    12
 Invoke: Unearth Wretches  |       |       |       |       |    22 |       ||    22
         Receive Forbidden |       |       |       |       |     1 |       ||     1
  Evoke: Wand              |       |     2 |       |     8 |    13 |     2 ||    25
         Condenser vane    |       |       |       |       |     2 |     1 ||     3
         Sack of spiders   |       |       |       |       |     2 |       ||     2
         Phial of floods   |       |       |       |       |       |     1 ||     1
    Use: Potion            |     2 |       |     4 |     3 |    15 |     4 ||    28
         Scroll            |       |     1 |     7 |    16 |    26 |     5 ||    55
   Stab: Sleeping          |     1 |     4 |     5 |     3 |     1 |       ||    14
         Distracted        |     1 |       |       |     1 |     6 |       ||     8
         Paralysed         |       |       |       |       |    26 |       ||    26
         Petrified         |       |       |       |       |       |     3 ||     3
 Armour: Skin              |    12 |    15 |    46 |    81 |   208 |    22 ||   384
  Dodge: Dodged            |    20 |    47 |   198 |   246 |   451 |    32 ||   994
  Block: Other             |       |       |       |       |    30 |     6 ||    36

Table legend: (Time is in decaauts)
 A = Elapsed time spent in this place.
 B = Non-inter-level travel time spent in this place.
 C = Inter-level travel time spent in this place.
 D = Time resting spent in this place.
 E = Time spent auto-exploring this place.
 F = Levels seen in this place.
 G = Mean time per level.
                   A        B        C        D        E       F      G
               +--------+--------+--------+--------+--------+-----+--------+
         Total |  35673 |  34045 |   1628 |  10400 |  14463 |  27 | 1321.2 |
       Dungeon |  16294 |  15095 |   1199 |   3074 |   8717 |  12 | 1357.8 |
        Temple |      1 |      0 |      1 |      0 |      0 |   1 |    1.0 |
          Lair |  11641 |  11301 |    340 |   4353 |   3892 |   5 | 2328.2 |
        Shoals |   2584 |   2542 |     42 |    823 |    722 |   3 |  861.3 |
   Spider Nest |    487 |    487 |      0 |    168 |      0 |   2 |  243.5 |
  Orcish Mines |   2660 |   2615 |     45 |    715 |   1060 |   2 | 1330.0 |
        Bazaar |    218 |    218 |      0 |      0 |      0 |   1 |  218.0 |
        Bailey |   1783 |   1783 |      0 |   1267 |     71 |   1 | 1783.0 |
               +--------+--------+--------+--------+--------+-----+--------+

Top non-repeatable levels by time:
  Lair:5: 3077 daAuts
  Lair:2: 2354 daAuts
  Lair:4: 2329 daAuts
     D:4: 2189 daAuts
  Lair:3: 2049 daAuts
   Orc:2: 1952 daAuts
    D:10: 1896 daAuts
Shoals:1: 1893 daAuts
  Lair:1: 1830 daAuts
  Bailey: 1783 daAuts
     D:5: 1697 daAuts
     D:6: 1673 daAuts
     D:2: 1495 daAuts
    D:11: 1195 daAuts
     D:8: 1165 daAuts
